 Dungeon Crawl Stone Soup version 0.25-a0-601-g772be7b (webtiles) character file.

Game seed: 18015817692668246703, levelgen mode: deterministic

84 Caminho the Ducker (level 4, 9/35 HPs)
             Began as a Bol Xi Wanderer on Dec 31, 2019.
             Was an Initiate of Hepliaklqana.
             Quit the game on level 2 of the Dungeon.
             The game lasted 00:13:18 (2420 turns).

Caminho the Ducker (Bol Xi Wanderer)                Turns: 2420, Time: 00:13:19

Health: 9/35       AC:  4    Str: 18    XL:     4   Next: 46%
Magic:  4/4        EV: 13    Int:  9    God:    Hepliaklqana [......]
Gold:   101        SH:  0    Dex: 10    Spells: 3/3 levels left Game modifiers: None

rFire    . . .     SeeInvis .   a - +0 spear
rCold    . . .     Gourm    .   (no shield)
rNeg     . . .     Faith    .   b - +2 leather armour
rPois    .         Spirit   .   i - -2 helmet (curse)
rElec    .         Reflect  .   (no cloak)
rCorr    .         Harm     .   (no gloves)
rMut     +                      (no boots)
MR       .....                  (no amulet)
Stlth    ++........             (no ring)
HPRegen  0.11/turn              (no ring)
MPRegen  0.09/turn

@: no status effects
A: reduced essence, mutation resistance 3, unbreathing, stranger
a: End, Recall Ancestor, Ancestor Identity, Renounce Religion


You were on level 2 of the Dungeon.
You worshipped Hepliaklqana.
Hepliaklqana was noncommittal.
You were not hungry.

You visited 1 branch of the dungeon, and saw 2 of its levels.

You collected 101 gold pieces.

Inventory:

Hand Weapons
 a - a +0 spear (weapon)
Missiles
 h - 33 stones (quivered)
Armour
 b - a +2 leather armour (worn)
 i - a cursed -2 helmet (worn)
Scrolls
 e - a scroll of fear
 T - a scroll of teleportation {@r3}
Potions
 c - 2 potions of lignification
 d - a potion of agility {@q5}
 f - a potion of brilliance
 g - a potion of berserk rage {!q}
 j - 3 potions of heal wounds {@q2}
 H - a potion of haste {@q3}
 Q - 2 potions of curing {@q1}


   Skills:
 * Level 4.1 Fighting
   Level 1.5(1.6) Axes
 - Level 0.5(1.6) Polearms
 - Level 2.5 Armour
 - Level 4.5 Dodging
 - Level 2.6 Stealth
   Level 1.2 Shields
 - Level 1.2 Unarmed Combat


You had 3 spell levels left.
You didn't know any spells.
Your spell library was empty.

Dungeon Overview and Level Annotations

Branches:
Dungeon (2/15)

Altars:
Hepliaklqana

Annotations:
D:2 exclusion: adder


Innate Abilities, Weirdness & Mutations

The body it is immutable from without.
Yet we are unstable within.
There is no breath.
Nor hunger.
We are not of this world.
Your life essence is reduced to manifest your ancestor. (-10% HP)


Message History

You swap places.
You see here a plate armour.
Okay, then.
Unknown command.
You think of home.
Unknown command.
Unknown command.
The kobold throws a stone.
The stone barely misses you.
You see here a stone.
You see here 16 arrows.
The kobold throws a stone.
The stone closely misses you.
You see here a stone.
Unknown command.
Unknown command.
Unknown command.
Unknown command.
Unknown command.
Unknown command.
You see here a ration.
Are you sure you want to abandon this character and quit the game? (Confirm with "yes".)

###########
#.........#
#.###.#.#.### #.#
#.#......
##.###.###.###
#######....%......#
#..@.....########.#
####.######.# #.#
#...........# #.##
#.##.######## #.##
#.##...# #.##
#.####.# #.# #<#
#.# #.# #.# #.#
##.## #.# #.#
#####...#


There were no monsters in sight!

Vanquished Creatures
  2 adders
  An adder skeleton
  2 worms
  3 dart slugs
  7 bats
  3 giant cockroaches
  4 goblins
  11 hobgoblins
  2 jackals
  3 frilled lizards
  4 kobolds
  5 rats
47 creatures vanquished.

Vanquished Creatures (collateral kills)
  A bat
1 creature vanquished.

Grand Total: 48 creatures vanquished

Notes
Turn   | Place    | Note
-------+----------+-------------------------------------------
     0 | D:1      | Caminho the Bol Xi Wanderer began the quest for the Orb.
     0 | D:1      | Caminho set off with the following items: a +0 spear, a +2
                  | leather armour, a potion of lignification, a +0 dagger, a
                  | scroll of fear, a +0 spear, a potion of haste {@q3}, a
                  | potion of curing {@q1}
     0 | D:1      | Reached XP level 1. HP: 21/21 MP: 1/1
    31 | D:1      | Reduced skill Fighting to level 4
    31 | D:1      | Reduced skill Polearms to level 0
    31 | D:1      | Reduced skill Stealth to level 3
    31 | D:1      | Reduced skill Unarmed Combat to level 1
    78 | D:1      | Reached skill level 3 in Dodging
   145 | D:1      | Reached XP level 2. HP: 22/25 MP: 2/2
   219 | D:1      | Reached skill level 4 in Dodging
   435 | D:1      | Reached XP level 3. HP: 29/30 MP: 3/3
   864 | D:1      | Reached skill level 5 in Fighting
   864 | D:1      | Reduced skill Dodging to level 3
   864 | D:1      | Reduced skill Stealth to level 2
  1162 | D:2      | Reached skill level 3 in Stealth
  1407 | D:2      | Reached XP level 4. HP: 17/39 MP: 4/4
  1871 | D:2      | Reduced skill Dodging to level 2
  1871 | D:2      | Reduced skill Shields to level 0
  2095 | D:2      | Found a hazy altar of Hepliaklqana.
  2119 | D:2      | Became a worshipper of Hepliaklqana the Forgotten
  2420 | D:2      | Quit the game

Levels and vault maps discovered:
D:1:      lemuel_arrival_room, layout_basic
D:2:      layout_loops_ring, lemuel_doored_altar, st_stairs_4

Skill      XL: |  1  2  3  4 |
---------------+-------------+-----
Fighting       | 4 5 |  4.1
Polearms       | 0 |  0.5
Stealth        | 3 3 |  2.6
Unarmed Combat | 1 |  1.2
Dodging        | 3 4 3 2 |  4.5
Shields        | 0 |  1.2
Axes           | |  1.5
Armour         | |  2.5

Action                   |  1- 3 |  4- 6 || total
-------------------------+-------+-------++-------
Melee: Spear             |   171 |    67 ||   238
       Punch             |     1 |       ||     1
Throw: Stone             |    20 |     6 ||    26
 Abil: End               |       |     1 ||     1
  Use: Scroll            |     5 |     4 ||     9
 Stab: Sleeping          |     9 |     1 ||    10
Armor: Leather armour    |    27 |    19 ||    46
Dodge: Dodged            |    73 |    38 ||   111

Table legend:
 A = Non-vault XP
 B = Vault XP
 C = Vault XP percentage of total XP
 D = Non-vault monster count
 E = Vault monster count
 F = Vault count percentage of total count
                 A         B        C        D         E       F
            +---------+---------+-------+---------+---------+-------
      Total |     116 |       5 |   4.1 |      44 |       3 |   6.4
            +---------+---------+-------+---------+---------+-------
        D:1 |      56 |       0 |   0.0 |      28 |       0 |   0.0
        D:2 |      60 |       5 |   7.7 |      16 |       3 |  15.8
            +---------+---------+-------+---------+---------+-------
